 Dungeon Crawl Stone Soup version 0.31.0-12-g77e489cdc1 (webtiles) character file.

Game seed: 528497335536961118

1656 H0rd4k the Martial Artist (level 9, -4/60 HPs)
             Began as an Octopode Artificer on Feb 29, 2024.
             Slain by an ice beast (11 damage)
             ... on level 6 of the Dungeon.
             The game lasted 00:09:06 (6048 turns).

H0rd4k the Martial Artist (Octopode Artificer)      Turns: 6048, Time: 00:09:06

Health: -4/60      AC:  1    Str: 11    XL:     9   Next: 0%
Magic:  10/10      EV: 13    Int: 17    God:
Gold:   302        SH:  0    Dex: 13    Spells: 9/9 levels left

rFire   . .          .
                       - Unarmed
rCold   . . .        (no shield)
rNeg    . . .        (helmet restricted)
rPois   .            (no amulet)
rElec   .            l - ring of flight
rCorr   .            (no ring)
SInv    .            (no ring)
Will    .....        (no ring)
Stlth   +++          (no ring)
HPRegen 0.30/turn    (no ring)
MPRegen 0.12/turn    (no ring)
                     (no ring)

%: no passive effects
@: flying
A: almost no armour, amphibious, 8 rings, camouflage 1, gelatinous body 1,
(nimble swimmer 1), tentacles
a: no special abilities


You were on level 6 of the Dungeon.
You visited 1 branch of the dungeon, and saw 6 of its levels.

You collected 302 gold pieces.

Inventory:

Hand Weapons
 p - a +3 short sword
Missiles
 h - 36 poisoned darts
Magical Staves
 f - a staff of death
Jewellery
 l - a ring of flight (left tentacle)
Talismans
 b - a maw talisman
Wands
 c - a wand of flame (18) (quivered)
Scrolls
 i - 4 scrolls of teleportation {unknown}
 j - a scroll of blinking {unknown}
 q - 3 scrolls of identify {unknown}
 r - a scroll of poison {unknown}
 s - 2 scrolls of amnesia {unknown}
 u - a scroll of enchant weapon {unknown}
 v - 2 scrolls of brand weapon {unknown}
 w - a scroll of revelation {unknown}
 x - a scroll of fear {unknown}
Potions
 a - 2 potions of curing {unknown}
 d - a potion of brilliance {unknown}
 e - a potion of haste {unknown}
 g - a potion of lignification {unknown}
 k - a potion of degeneration {unknown}
 m - 3 potions of heal wounds
 n - 2 potions of magic {unknown}
 o - 2 potions of cancellation {unknown}
 t - 2 potions of might {unknown}


   Skills:
 + Level 4.8 Fighting
 - Level 2.3 Dodging
 - Level 1.3 Stealth
 + Level 9.7 Unarmed Combat
 * Level 0.7 Spellcasting
 - Level 3.2 Evocations
 * Level 0.6 Shapeshifting


You had 9 spell levels left.
You didn't know any spells.
Your spell library contained the following spells:

 Spells                   Type           Power      Damage    Failure   Level
 Apportation              Tloc           0%         N/A       22%         1
 Necrotise                Necr           0%         1d4       22%         1
 Shock                    Conj/Air       0%         1d3       22%         1
 Sting                    Conj/Alch      0%         1d3       22%         1
 Summon Small Mammal      Summ           0%         N/A       22%         1
 Gell's Gravitas          Tloc           0%         N/A       54%         3
 Inner Flame              Hex/Fire       0%         N/A       54%         3
 Swiftness                Air            0%         N/A       54%         3
 Teleport Other           Tloc           0%         N/A       54%         3
 Vampiric Draining        Necr           0%         2d6       54%         3
 Airstrike                Air            0%         2d(0-16)  91%         4
 Flame Wave               Conj/Fire      0%         2d4       91%         4
 Ignite Poison            Fire/Alch      0%         N/A       91%         4
 Martyr's Knell           Necr/Summ      0%         N/A       91%         4
 Sticky Flame             Fire/Alch      0%         2d4       91%         4
 Curse of Agony           Necr           0%         N/A       99%         5
 Dispersal                Tloc           0%         N/A       100%        6
 Ignition                 Fire           0%         3d3       100%        8


Dungeon Overview and Level Annotations

Branches:
Dungeon (6/15)
 Temple: D:4-7

Altars:
Elyvilon
Hepliaklqana
Okawaru

Shops:
D:2 =

Annotations:
D:4 exclusion: downstairs


Innate Abilities, Weirdness & Mutations

You cannot wear most types of armour.
You are amphibious.
You can wear up to eight rings at the same time.
Your skin changes colour to match your surroundings (Stealth+).
Your rubbery body absorbs attacks. (AC +1, EV +1)
((You are camouflaged when in or above water. (Stealth+)))
You have tentacles for arms and can constrict up to eight enemies at once.


Message History

Aim: an ice beast (71% to hit)
The puff of flame hits the ice beast.
The ice beast melts!
The ice beast is lightly wounded.
Unknown command.
The puff of flame hits the ice beast.
The ice beast melts!
The ice beast is moderately wounded.
The puff of flame hits the ice beast.
The ice beast melts!
The ice beast is moderately wounded.
The ice beast barely misses you.
The puff of flame hits the ice beast.
The ice beast melts!
The ice beast is heavily wounded.
The ice beast hits you. The ice beast freezes you!
The puff of flame misses the ice beast.
The ice beast barely misses you.
The puff of flame misses the ice beast.
The ice beast hits you. The ice beast freezes you!
The puff of flame misses the ice beast.
The ice beast hits you. The ice beast freezes you.
You are too injured to fight recklessly!
You are too injured to fight recklessly!
Aiming: Throw Flame
Press: ? - help, Q - select action, (/) - cycle Shift-Dir - straight line, f/p - ice beast
Aim: an ice beast (heavily wounded, 71% to hit)
The puff of flame misses the ice beast.
The ice beast closely misses you.
Unknown command.
Aiming: Throw Flame
Press: ? - help, Q - select action, (/) - cycle Shift-Dir - straight line, f/p - ice beast
Aim: an ice beast (heavily wounded, 71% to hit)
The puff of flame misses the ice beast.
The ice beast hits you. The ice beast freezes you!
* * * LOW HITPOINT WARNING * * *
Aiming: Throw Flame
Press: ? - help, Q - select action, (/) - cycle Shift-Dir - straight line, f/p - ice beast
Aim: an ice beast (heavily wounded, 71% to hit)
The puff of flame hits the ice beast!
The ice beast melts!
The ice beast is almost dead.
The ice beast hits you.
* * * LOW HITPOINT WARNING * * *
The ice beast freezes you!
You die...

# ##......... .. .
##..........
....###...........
...##.#.........
#.##.#.........
#...)#.)....... ###
#..#........... ..###
#>.#Y#.....$... #...##
###...@#......... ###..#
#......#......?.. #
##.######.##..)#.........
##
#........##.#)##........
.# ###...#####.#.#
#...$..
.#####.#....#..#.## #####
.#.....####.#.##..####
...##### #..........#
..### #.####.....#


You could see an ice beast.

Vanquished Creatures
  2 ogres
  A phantom (D:6)
  2 kobold brigands (D:6)
  2 wights
  2 killer bees (D:4)
  A bombardier beetle (D:5)
  A howler monkey (D:6)
  4 orc priests
  2 hounds (D:4)
  3 iguanas (D:5)
  3 sleepcaps
  Natasha (thrice) (D:2)
  8 orc wizards
  6 gnolls
  4 adders
  3 dart slugs (D:4)
  2 ribbon worms (D:2)
  27 orcs
  5 bats
  4 endoplasms
  3 giant cockroaches (D:1)
  4 goblins
  3 hobgoblins
  A quokka (D:3)
  4 ball pythons
  4 frilled lizards
  17 kobolds
  A rat (D:1)
122 creatures vanquished.

Vanquished Creatures (collateral kills)
  3 killer bees (D:4)
  Jessica (D:3)
  4 gnolls
  An adder (D:2)
  A goblin (D:4)
10 creatures vanquished.

Vanquished Creatures (others)
  An ogre (D:4)
  A killer bee (D:4)
  An iguana (D:6)
  A gnoll (D:3)
  A quokka (D:3)
5 creatures vanquished.

Grand Total: 137 creatures vanquished

Notes
Turn   | Place    | Note
-------+----------+-------------------------------------------
     0 | D:1      | H0rd4k the Octopode Artificer began the quest for the Orb.
     0 | D:1      | Reached XP level 1. HP: 13/13 MP: 1/1
   253 | D:1      | Reached skill level 1 in Unarmed Combat
   253 | D:1      | Reached XP level 2. HP: 16/18 MP: 2/2
   368 | D:1      | Found a faded altar of an unknown god.
   970 | D:2      | Reached skill level 2 in Unarmed Combat
  1002 | D:2      | Reached XP level 3. HP: 24/24 MP: 3/3
  1344 | D:2      | Noticed Natasha
  1420 | D:2      | Found Modik's Jewellery Emporium.
  1503 | D:2      | Killed Natasha
  1504 | D:2      | Reached skill level 3 in Unarmed Combat
  1504 | D:2      | Reached XP level 4. HP: 17/29 MP: 4/4
  1530 | D:2      | Noticed Natasha
  1537 | D:2      | Killed Natasha
  1743 | D:2      | Noticed Natasha
  1748 | D:2      | Killed Natasha
  1836 | D:3      | Reached skill level 4 in Unarmed Combat
  1836 | D:3      | Reached XP level 5. HP: 35/35 MP: 5/5
  2066 | D:3      | Noticed Jessica
  2076 | D:3      | Killed Jessica
  2135 | D:3      | Reached XP level 6. HP: 27/41 MP: 6/6
  2254 | D:3      | Reached skill level 5 in Unarmed Combat
  2256 | D:3      | Found a hazy altar of Hepliaklqana.
  2257 | D:3      | Found a faded altar of an unknown god.
  3432 | D:5      | Entered Level 5 of the Dungeon
  3432 | D:5      | Found a white marble altar of Elyvilon.
  3452 | D:5      | Reached skill level 6 in Unarmed Combat
  3452 | D:5      | Reached XP level 7. HP: 39/46 MP: 7/7
  3634 | D:4      | Reached skill level 7 in Unarmed Combat
  4240 | D:5      | Reached XP level 8. HP: 53/54 MP: 8/8
  4592 | D:5      | Reached skill level 8 in Unarmed Combat
  5156 | D:6      | Reached skill level 9 in Unarmed Combat
  5358 | D:6      | Found an iron altar of Okawaru.
  5982 | D:6      | Reached XP level 9. HP: 47/60 MP: 8/10
  6048 | D:6      | Slain by an ice beast

Illustrated notes

Levels and vault maps discovered:
D:1:      scummos_arrival_simple_crosswalls, layout_loops_ring,
          shapermc_ecumenical_altar_totnotflames, hex_large, minmay_hedge_maze
D:2:      layout_loops_ring, serial_shops, nicolae_shop_behind_doors,
          hangedman_decor_growths, uniq_natasha
D:3:      layout_rooms, beargit_hepliaklqana_dungeon_heroes,
          amcnicky_mini_corridor_feature, kennysheep_cross_room,
          minmay_ruptured, uniq_jessica
D:4:      layout_loops_cross
D:5:      layout_cave_pools, overflow_temple_1_default
D:6:      layout_rooms, lemuel_crystal_altar, mainiacjoe_overflow_catwalk

Skill      XL: |  1  2  3  4  5  6  7  8 |
---------------+-------------------------+-----
Unarmed Combat | 1 2 3 4 6 7 9 |  9.7
Fighting       | 2 3 4 |  4.8
Dodging        | |  2.3
Stealth        | |  1.3
Spellcasting   | |  0.7
Evocations     | |  3.2
Shapeshifting  | |  0.6

Action                     |  1- 3 |  4- 6 |  7- 9 || total
---------------------------+-------+-------+-------++-------
  Melee: Unarmed           |    76 |    67 |   171 ||   314
         Tentacles         |    15 |    16 |    39 ||    70
         Constrict         |    18 |    18 |    42 ||    78
         Punch             |     1 |     3 |    15 ||    19
  Evoke: Wand              |     1 |    25 |    19 ||    45
    Use: Potion            |       |       |     2 ||     2
   Stab: Sleeping          |     4 |     1 |     1 ||     6
         Distracted        |       |     1 |       ||     1
 Armour: Skin              |    46 |    45 |    99 ||   190
  Dodge: Dodged            |    44 |    35 |    93 ||   172
